 Dungeon Crawl Stone Soup version 0.27-a0-1612-gde56a17b89 (webtiles) character file.

Game seed: 8306880489353975819

2384 Zonian the Sneak (level 9, -1/45 HPs)
             Began as a Vine Stalker Earth Elementalist on July 22, 2021.
             Was a Follower of Uskayaw.
             Slain by a steam dragon (2 damage)
             ... on level 8 of the Dungeon.
             The game lasted 00:31:51 (12364 turns).

Zonian the Sneak (Vine Stalker Earth Elementalist) Turns: 12364, Time: 00:31:52

Health: -1/45      AC:  4    Str: 11    XL:     9   Next: 45%
Magic:  0/17       EV: 17    Int: 18    God:    Uskayaw [*.....]
Gold:   89         SH:  0    Dex: 15    Spells: 14/18 levels left

rFire    . . .     SeeInvis .   G - +3 dagger (speed)
rCold    . . .     Faith    .   (no shield)
rNeg     + . .     Spirit   +   b - +2 robe
rPois    .         Reflect  .   (no helmet)
rElec    +         Harm     .   (no cloak)
rCorr    .         Rampage  .   (no gloves)
Will     ++...                  (no boots)
Stlth    +++.......             w - amulet of regeneration
HPRegen  2.15/turn              l - ring "Fiajurom" {rElec rN+ Will+ EV+4}
MPRegen  0.15/turn              (no ring)

@: hasted, very quick
A: fangs 3, regeneration 1, magic shield, antimagic bite, no potion heal 2
a: Renounce Religion, Stomp


You were on level 8 of the Dungeon.
You worshipped Uskayaw.
Uskayaw was noncommittal.
You visited 1 branch of the dungeon, and saw 8 of its levels.
You also visited: Sewer.

You collected 199 gold pieces.
You spent 110 gold pieces at shops.

Inventory:

Hand Weapons
 a - a +0 trident
 d - a +0 war axe
 h - a +1 dagger
 o - a +1 antimagic spear
 G - a +3 dagger of speed (weapon)
Missiles
 e - 38 sling bullets
 r - 39 stones (quivered)
 t - 5 boomerangs of dispersal
 F - 3 boomerangs
Armour
 b - a +2 robe (worn)
 g - a +0 ring mail
 i - a +0 ring mail of fire resistance
 m - the +1 scale mail of the Griffon {Rampage rC+ Int+4}
   (You found it on level 4 of the Dungeon)

   Int:       It affects your intelligence (+4).
   rC:        It protects you from cold.
   Rampage:   It bestows one free step when moving towards enemies.
 x - a +0 scale mail
Jewellery
 l - the ring "Fiajurom" (left hand) {rElec rN+ Will+ EV+4}
   (You found it on level 4 of the Dungeon)

   [ring of evasion]

   EV:        It affects your evasion (+4).
   rElec:     It insulates you from electricity.
   rN:        It protects you from negative energy.
   Will:      It increases your willpower.
 w - an amulet of regeneration (around neck)
Wands
 u - a wand of iceblast (12)
Scrolls
 j - 2 scrolls of enchant armour
 n - a scroll of amnesia
 q - 3 scrolls of fear
 v - 2 scrolls of fog
 C - a scroll of magic mapping
Potions
 c - a potion of attraction {unknown}
 f - 2 potions of curing
 k - 2 potions of flight {unknown}
 p - 2 potions of magic
 s - 4 potions of might {unknown}
 z - 5 potions of haste
 A - 2 potions of invisibility {unknown}
 B - a potion of mutation {unknown}
 D - 2 potions of heal wounds
 E - a potion of degeneration {unknown}


   Skills:
 + Level 3.8 Fighting
 + Level 3.0 Short Blades
 - Level 1.7 Axes
 + Level 4.0 Dodging
 + Level 6.1 Stealth
 + Level 5.2 Spellcasting
 + Level 3.5 Conjurations
 - Level 1.0 Transmutations
 + Level 5.8 Earth Magic
 + Level 3.4 Invocations


You had 14 spell levels left.
You knew the following spells:

 Your Spells              Type           Power      Damage    Failure   Level
a - Sandblast             Erth           50%        2d12      1%          1
b - Stone Arrow           Conj/Erth      42%        3d9       6%          3

Your spell library contained the following spells:

 Spells                   Type           Power      Damage    Failure   Level
 Passwall                 Tmut/Erth      13%        N/A       4%          2
 Petrify                  Tmut/Erth      16%        N/A       32%         4


Dungeon Overview and Level Annotations

Branches:
Dungeon (8/15)             Temple (0/1) D:6           Sewer (visited)
   Lair: D:8-11

Altars:
Dithmenos
Nemelex Xobeh
Okawaru
Uskayaw
Wu Jian
Xom

Shops:
D:1 (   D:6 (

Annotations:
D:7 3 runed translucent doors, Duvessa; Maggie; Nausicaa's ghost, novice TrMo
D:8 3 runed translucent doors, EonDragon20's ghost, novice TrEE


Innate Abilities, Weirdness & Mutations

You have razor-sharp teeth.
Your natural rate of healing is unusually fast.
When hurt, damage is shared between your health and your magic reserves.
Your bite disrupts and absorbs the magic of your enemies.
Potions cannot restore your health.


Message History

Press: ? - help, Shift-Dir - straight line, f - steam dragon
Aim: a steam dragon (moderately wounded, 81% to hit)
The blast of sand hits the steam dragon.
The steam dragon is heavily wounded.
r - 40 stones The steam dragon bites you.
The steam dragon closely misses you.
You hit the steam dragon but do no damage.
The steam dragon is heavily wounded.
You are engulfed in a cloud of scalding steam.
You closely miss the steam dragon.
The white imp shouts!
You bite the steam dragon, but do no damage.
The steam dragon is heavily wounded.
The steam dragon breathes steam at you. The ball of steam hits you!!
* * * LOW HITPOINT WARNING * * *
A wight comes into view. It is wielding a +5 dagger.
Casting: Sandblast (safe; 1% risk of failure)
Confirm with . or Enter, or press ? or * to list all spells.
Okay, then.
Casting: Sandblast (safe; 1% risk of failure)
Confirm with . or Enter, or press ? or * to list all spells.
Aiming: Sandblast (safe; 1% risk of failure)
Press: ? - help, Shift-Dir - straight line, f/p - steam dragon
Aim: a steam dragon (heavily wounded, catching its breath, 81% to hit)
The blast of sand hits the steam dragon but does no damage.
The steam dragon is heavily wounded.
r - 39 stones You are engulfed in a cloud of scalding steam.
* * * LOW HITPOINT WARNING * * *
The steam dragon bites you.
* * * LOW HITPOINT WARNING * * *
The steam dragon completely misses you.
You feel yourself speed up. The steam dragon misses you.
The steam dragon claws you.
* * * LOW HITPOINT WARNING * * *
The steam dragon bites you!
* * * LOW HITPOINT WARNING * * *
The steam dragon claws you.
You die...

#### ..# ###.>## ....#
##.....# ...# #......##
...#### ##.......# ......
.........## ##...
..........#### #.<##
.<...........###.D.##
................@...#
...........#....ยง...#
.....................#
........###+++###.z...#
.......##....5WY##(...#
#......#......Z5.##....#
#.....##..........#.....#
...####....##.....


You could see a steam dragon, an ice beast, a wight, EonDragon20's ghost, 2
white imps and a killer bee simulacrum.

Vanquished Creatures
  Pikel (D:7)
  2 orc warriors
  An ice beast (D:6)
  An ogre (D:5)
  A phantom (D:4)
  2 bullfrogs (Sewer)
  3 scorpions
  A wyvern zombie (D:7)
  2 howler monkeys (D:8)
  3 centaur zombies
  A bullfrog zombie (D:5)
  2 hounds
  2 bullfrog skeletons
  2 orc priests (D:4)
  2 centaur skeletons
  A jelly (D:3)
  A gnoll shaman (D:7)
  3 iguanas
  4 orc wizards
  A killer bee zombie (D:6)
  A hound skeleton (D:4)
  10 gnolls
  14 adders
  5 river rats (Sewer)
  2 white imps
  An adder skeleton (D:4)
  A worm (D:5)
  2 dart slugs
  18 orcs
  15 ball pythons
  5 endoplasms
  9 giant cockroaches
  9 goblins
  6 hobgoblins
  22 jackals
  3 quokkas
  10 bats
  12 frilled lizards
  3 kobolds
  29 rats
213 creatures vanquished.

Vanquished Creatures (others)
  14 plants (D:2)
14 creatures vanquished.

Grand Total: 227 creatures vanquished

Notes
Turn   | Place    | Note
-------+----------+-------------------------------------------
     0 | D:1      | Zonian the Vine Stalker Earth Elementalist began the quest
                  | for the Orb.
     0 | D:1      | Reached XP level 1. HP: 9/9 MP: 4/4
   270 | D:1      | Found Pocipt's Antique Weapon Shoppe.
   351 | D:1      | Reached XP level 2. HP: 13/13 MP: 4/6
  1188 | D:1      | Reached XP level 3. HP: 16/16 MP: 4/8
  2994 | D:2      | Gained mutation: Your natural rate of healing is unusually
                  | fast. [Vine Stalker growth]
  2994 | D:2      | Reached XP level 4. HP: 19/21 MP: 7/9
  3401 | D:2      | Reached skill level 3 in Stealth
  3905 | D:2      | Found a faded altar of an unknown god.
  3912 | D:2      | Became a worshipper of Uskayaw the Reveller
  3912 | D:2      | Reached * piety under Uskayaw
  3953 | D:2      | Reached ** piety under Uskayaw
  3955 | D:2      | Reached skill level 1 in Axes
  3955 | D:2      | Reached XP level 5. HP: 18/25 MP: 1/10
  4081 | D:2      | Learned a level 3 spell: Stone Arrow
  4135 | D:2      | Reached skill level 1 in Fighting
  4996 | D:3      | Found a shimmering altar of Xom.
  5332 | D:3      | Found an iron altar of Okawaru.
  5338 | D:3      | Found a sparkling altar of Nemelex Xobeh.
  5338 | D:3      | Found a shadowy altar of Dithmenos.
  5347 | D:3      | Reached XP level 6. HP: 30/30 MP: 5/12
  5945 | D:4      | Identified the ring "Fiajurom" {rElec rN+ Will+ EV+4}
  5958 | D:4      | Identified the +1 scale mail of the Griffon {Rampage rC+
                  | Int+4}
  6644 | D:4      | Reached *** piety under Uskayaw
  6727 | D:4      | Reached **** piety under Uskayaw
  6728 | D:4      | Reached skill level 1 in Conjurations
  6742 | D:4      | Reached ***** piety under Uskayaw
  6750 | D:4      | Reached skill level 4 in Stealth
  6750 | D:4      | Reached XP level 7. HP: 21/35 MP: 8/13
  7017 | D:4      | Reached skill level 1 in Short Blades
  7812 | D:4      | Reached skill level 1 in Invocations
  7931 | D:5      | Entered Level 5 of the Dungeon
  7946 | D:5      | Found an ornate altar of the Wu Jian Council.
  8429 | D:5      | Gained mutation: You have razor-sharp teeth. [Vine Stalker
                  | growth]
  8429 | D:5      | Reached XP level 8. HP: 39/39 MP: 13/15
  8837 | D:6      | Found a glowing drain.
  8911 | Sewer    | Entered a sewer
  9730 | Sewer    | Reached skill level 5 in Earth Magic
  9742 | Sewer    | Reached skill level 5 in Stealth
 10081 | D:6      | Found a staircase to the Ecumenical Temple.
 10317 | D:6      | Found Ocwaergh's Weapon Shoppe.
 10431 | D:1      | Bought a glowing dagger for 110 gold pieces
 11113 | D:7      | Reached XP level 9. HP: 44/44 MP: 5/17
 11463 | D:7      | Noticed Maggie
 11586 | D:7      | Found a runed translucent gate.
 11587 | D:7      | Found a runed translucent gate.
 11588 | D:7      | Found a runed translucent gate.
 11591 | D:7      | Noticed Pikel
 11592 | D:7      | Noticed Nausicaa's ghost (novice TrMo)
 11614 | D:7      | Killed Pikel
 11615 | D:7      | Reached skill level 6 in Stealth
 11615 | D:7      | Reached skill level 5 in Spellcasting
 11914 | D:7      | Noticed Duvessa
 12334 | D:8      | Found a runed translucent gate.
 12334 | D:8      | Found a runed translucent gate.
 12334 | D:8      | Found a runed translucent gate.
 12340 | D:8      | Noticed EonDragon20's ghost (novice TrEE)
 12361 | D:8      | HP: 2/45 [steam dragon] (10)]
 12364 | D:8      | Slain by a steam dragon

Illustrated notes

Levels and vault maps discovered:
D:1:      amcnicky_arrival_abandoned_market, layout_basic, serial_shops, shop,
          kennysheep_another_room, minmay_statues_item, kennysheep_pointless_box
D:2:      layout_loops_ring, dilly_ecumenical_altar_fadedgnrine
D:3:      layout_loops_ring, grunt_temple_overflow_open, dk_xom_monty_hall,
          chequers_serial_rivers_micro_b
D:4:      layout_basic, grunt_ministairs_8, amethyst_killhole
D:5:      layout_basic, general_overflow_altar
D:6:      layout_rooms, minmay_temple_entry_grid, serial_shops,
          nicolae_diamond_shop, gup_sewer_entry_glass, minmay_misc_feat_encased,
          minivault_27, hex_large
D:7:      layout_rooms, gammafunk_ghost_necromancy, uniq_duvessa, uniq_pikel,
          uniq_maggie
D:8:      layout_cave_pods, erik_lair_dragon, gammafunk_ghost_icy, serial_glass,
          glass_columns_a, glass_columns_a, glass_columns_a, glass_columns_a,
          glass_columns_a, glass_columns_a, uniq_psyche, uniq_joseph,
          uniq_gastronok

Skill      XL: |  1  2  3  4  5  6  7  8  9 |
---------------+----------------------------+-----
Spellcasting   | 3 4 5 |  5.2
Stealth        | 3 4 5 6 |  6.1
Axes           | 1 |  1.7
Dodging        | 2 3 4 |  4.0
Fighting       | 1 2 3 |  3.8
Earth Magic    | 4 5 |  5.8
Conjurations   | 1 2 3 |  3.5
Short Blades   | 1 2 3 |  3.0
Invocations    | 1 2 3 |  3.4
Transmutations | |  1.0

Action                   |  1- 3 |  4- 6 |  7- 9 || total
-------------------------+-------+-------+-------++-------
Melee: War axe           |    39 |    30 |       ||    69
       Bite              |     5 |    40 |   153 ||   198
       Dagger            |       |   191 |   556 ||   747
Throw: Throwing net      |       |       |     3 ||     3
       Stone             |       |       |    11 ||    11
 Cast: Sandblast         |    44 |    56 |    24 ||   124
Invok: Line Pass         |       |       |     1 ||     1
  Use: Scroll            |       |     9 |     8 ||    17
       Potion            |       |       |     2 ||     2
 Stab: Sleeping          |     2 |     3 |     5 ||    10
       Distracted        |       |     1 |     1 ||     2
       Paralysed         |       |     1 |     9 ||    10
       Held in net/web   |       |       |     1 ||     1
Armor: Robe              |    17 |    55 |    83 ||   155
Dodge: Dodged            |    54 |   178 |   422 ||   654

Table legend: (Time is in decaauts)
 A = Elapsed time spent in this place.
 B = Non-inter-level travel time spent in this place.
 C = Inter-level travel time spent in this place.
 D = Time resting spent in this place.
 E = Time spent auto-exploring this place.
 F = Levels seen in this place.
 G = Mean time per level.
                   A        B        C        D        E       F      G
               +--------+--------+--------+--------+--------+-----+--------+
         Total |  12390 |  11942 |    448 |   5410 |   2840 |   9 | 1376.7 |
       Dungeon |  11444 |  10996 |    448 |   5066 |   2813 |   8 | 1430.5 |
         Sewer |    946 |    946 |      0 |    344 |     26 |   1 |  946.0 |
               +--------+--------+--------+--------+--------+-----+--------+

Top non-repeatable levels by time:
     D:1: 3115 daAuts
     D:3: 1937 daAuts
     D:2: 1677 daAuts
     D:4: 1632 daAuts
     D:7: 1160 daAuts
   Sewer: 946 daAuts
     D:5: 858 daAuts
     D:6: 795 daAuts
     D:8: 267 daAuts
